AoeStats
← JonAbrucci

Arena

508026124Analyzed
3v3 RM · 11d ago on Sep 20, 2026· 59m 8s· 6 players
Game mode
Random Map
Map size
Normal (6 player)
Population
200
Speed
Normal
Resources
Standard
Victory
Conquest
Starting age
Dark Age
Ending age
Imperial Age
RankedLock teamsTeams togetherTeam positionsShared explorationLock speedFull tech treeHidden civsTurbo modeCheats
Victory
Defeat
🇩🇪 Khmer · Germany
736
+19
🇹🇷 Bulgarians · Türkiye
723
+19
🇪🇸 Hindustanis · Spain
709
+20
🇪🇸 Goths · Spain
820
-20
🇪🇸 Bohemians · Spain
779
-19
🇹🇷 Dravidians · Türkiye
776
-19
shakerL
10:36 Feudal Age
9:23 Loom
14:41 Castle Age
12:46 Double-Bit Axe
13:21 Gold Mining
13:29 Horse Collar
15:17 Wheelbarrow
15:24 Heavy Plow
24:27 Hand Cart
24:02 Town Watch
26:05 Town Patrol
27:11 Bow Saw
26:58 Stone Mining
27:44 Gold Shaft Mining
27:25 Fortified Wall
27:36 Ballistics
29:16 Stone Shaft Mining
31:49 Imperial Age
29:59 Scale Barding Armor
30:05 Forging
30:16 Scale Mail Armor
30:30 Caravan
31:59 Chain Barding Armor
32:20 Iron Casting
33:19 Plate Barding Armor
32:47 Husbandry
32:58 Bloodlines
33:20 Tusk Swords
33:48 Elite Battle Elephant
35:34 Blast Furnace
34:49 Chain Mail Armor
34:53 Padded Archer Armor
34:43 Fletching
36:50 Pikeman
37:15 Arson
39:40 Chemistry
38:37 Murder Holes
41:50 Leather Archer Armor
41:31 Bodkin Arrow
45:37 Halberdier
46:52 Ring Archer Armor
46:22 Bracer
JonAbrucci
11:05 Feudal Age
11:47 Double-Bit Axe
19:33 Castle Age
18:07 Horse Collar
20:47 Bow Saw
24:32 Heavy Plow
26:44 Stone Mining
26:45 Gold Mining
29:36 Loom
30:26 Wheelbarrow
30:06 Forging
29:47 Fletching
29:58 Padded Archer Armor
30:48 Thumb Ring
30:05 Elite Skirmisher
31:19 Caravan
31:50 Coinage
32:53 Hand Cart
32:43 Pikeman
33:24 Squires
36:59 Grand Trunk Road
37:05 Husbandry
37:15 Bloodlines
36:26 Light Cavalry
37:25 Scale Barding Armor
37:21 Scale Mail Armor
37:17 Bodkin Arrow
37:22 Padded Archer Armor
37:58 Iron Casting
37:30 Town Watch
41:22 Gold Shaft Mining
41:22 Stone Shaft Mining
41:21 Ballistics
41:11 Fortified Wall
40:57 Murder Holes
41:13 Masonry
43:39 Imperial Age
41:10 Town Patrol
45:32 Two-Man Saw
45:35 Blast Furnace
44:50 Chain Mail Armor
44:56 Chain Barding Armor
44:51 Leather Archer Armor
44:37 Bracer
44:42 Shatagni
45:18 Hoardings
44:04 Elite Ghulam
45:07 Conscription
44:42 Heavy Cavalry Archer
46:31 Heavy Cavalry Archer
49:18 Siege Elephant
50:09 Heavy Camel Rider
52:25 Chemistry
51:31 Siege Engineers
58:46 Plate Barding Armor
58:42 Ring Archer Armor
58:36 Siege Elephant
D
12:21 Feudal Age
13:28 Double-Bit Axe
15:06 Wheelbarrow
15:07 Scale Barding Armor
15:14 Forging
15:57 Horse Collar
16:20 Stone Mining
17:16 Gold Mining
24:37 Castle Age
23:59 Scale Mail Armor
26:08 Bloodlines
25:43 Light Cavalry
26:25 Husbandry
32:01 Gambesons
38:24 Stone Shaft Mining
39:00 Iron Casting
38:42 Chain Mail Armor
39:54 Gold Shaft Mining
40:37 Bow Saw
42:23 Chain Barding Armor
45:03 Caravan
48:38 Imperial Age
50:04 Plate Barding Armor
50:32 Blast Furnace
50:33 Hand Cart
53:37 Cavalier
53:49 Pikeman
54:34 Squires
54:39 Elite Konnik
56:37 Hussar
jedoar
5:35 Loom
11:47 Feudal Age
12:32 Double-Bit Axe
16:00 Horse Collar
22:07 Castle Age
21:15 Stone Mining
minipabloz
11:57 Feudal Age
11:45 Loom
12:35 Double-Bit Axe
23:31 Castle Age
25:36 Bow Saw
28:36 Chemistry
28:27 Arson
28:43 Squires
28:03 Pikeman
31:36 Imperial Age
32:31 Scale Mail Armor
32:41 Forging
47:07 Halberdier
mag8044
0:29 Loom
12:12 Feudal Age
18:36 Castle Age
16:50 Horse Collar
16:58 Double-Bit Axe
17:09 Stone Mining
17:48 Gold Mining
27:22 Heavy Plow
27:34 Bow Saw
28:16 Wheelbarrow
28:11 Town Watch
30:21 Hand Cart
30:07 Town Patrol
35:35 Imperial Age
33:40 Scale Mail Armor
33:51 Forging
34:58 Ballistics
34:27 Arson
35:00 Chain Mail Armor
36:00 Elite Urumi Swordsman
36:21 Heavy Scorpion
37:34 Conscription
42:57 Wootz Steel
45:03 Plate Mail Armor
45:09 Iron Casting
Connection lost

Rejoining the realm…

Still unreachable

The connection could not be restored.

Session expired

The server has moved on; the page needs a fresh start.